 Dungeon Crawl Stone Soup version 0.31.0-11-ge490571c62 (webtiles) character file.

Game seed: 11472505826064893866

52 qw the Shooter (level 3, -8/18 HPs)
             Began as a Spriggan Hunter on Feb 4, 2024.
             Killed from afar by Terence (11 damage)
             ... with a puff of flame
             ... on level 3 of the Dungeon.
             The game lasted 00:00:08 (2598 turns).

qw the Shooter (Spriggan Hunter)                    Turns: 2598, Time: 00:00:08

Health: -8/18      AC:  2    Str:  7    XL:     3   Next: 60%
Magic:  4/4        EV: 19    Int: 10    God:
Gold:   143        SH:  0    Dex: 20    Spells: 2/2 levels left

rFire   . . .        a - +0 shortbow
rCold   . . .        (shield currently unavailable)
rNeg    . . .        c - +0 robe
rPois   .            (helmet restricted)
rElec   .            (no cloak)
rCorr   .            (gloves unavailable)
SInv    +            (boots unavailable)
Will    .....        (no amulet)
Stlth   ++           (no ring)
HPRegen 0.23/turn    (no ring)
MPRegen 0.09/turn

%: no passive effects
@: very quick
A: very small, no large weapons, unfitting armour, see invisible, speed 3
a: no special abilities


You were on level 3 of the Dungeon.
You visited 1 branch of the dungeon, and saw 3 of its levels.

You collected 143 gold pieces.


Innate Abilities, Weirdness & Mutations

You are very small and have problems with some larger weapons.
You are too small for most types of armour.
You have supernaturally acute eyesight. (SInv)
You cover ground extremely quickly. (Speed+++)


   Skills:
 - Level 1.5 Fighting
 + Level 4.8 Ranged Weapons
 - Level 4.0 Dodging
 - Level 1.5 Stealth


You had 2 spell levels left.
You didn't know any spells.
Your spell library was empty.

Inventory:

Hand Weapons
 a - a +0 shortbow (weapon)
Armour
 c - a +0 robe (worn)
Jewellery
 g - an amulet of the acrobat
Scrolls
 i - a scroll of blinking {unknown}
Potions
 b - a potion of magic {unknown}
 d - a potion of enlightenment
 e - a potion of brilliance {unknown}
 f - a potion of degeneration {unknown}
 h - a potion of curing {unknown}

Dungeon Overview and Level Annotations

Branches:
Dungeon (3/15)

Altars:

Shops:
D:1 *   D:2 :

Annotations:
D:3 Grinder, Terence


Message History

Enter note:
Enter note:
Enter note:
Enter note:
Enter note:
Enter note:
Enter note:
Enter note:
Enter note:
Enter note:
Enter note:
Enter note:
Enter note:
Enter note:
Enter note:
There is a stone staircase leading down here.
Found a stone staircase leading down.
Terence the Incautious comes into view.
He is wielding a +0 flail, wearing a +0 scale mail of willpower and carrying a wand of flame.
You shoot an arrow.
The arrow hits Terence but does no damage.
Terence shouts!
A bat comes into view.
You shoot an arrow. The arrow hits the bat!
You kill the bat!
Terence zaps a wand.
The puff of flame hits you!
Ouch! That really hurt!
You shoot an arrow. The arrow closely misses Terence.
You shoot an arrow. The arrow hits Terence!
Terence is moderately wounded.
Terence zaps a wand.
The puff of flame hits you.
You shoot an arrow. The arrow closely misses Terence.
You shoot an arrow. The arrow hits Terence!
Terence is severely wounded.
You shoot an arrow.
The arrow hits Terence but does no damage.
Terence is severely wounded.
Terence zaps a wand.
The puff of flame hits you!
Ouch! That really hurt!
You die...
Terence says, "Time to find some more victims."

#..####.# #.......####.##.)....#
...####.# ###.......##.#####.#.#
5.......####...####......###.#.#
#.##.......#.........###.....#.#
..##.#####.#.........#
#.#####.##
####.####............###.# #...
#.##..................# ####
#.##.##..........##.#######
#....##......@#####.......#
#.............# #..####.#
#.#####.......# #....##.# #.#
#......@# ##.#.##.# #.#
#.......# ###.#.##.# #.#
###.....# #........# #.# #.>...#
#.###..### #.#######.....#
#.###..# #.<....# #.##...#


You could see Terence.

Vanquished Creatures
  5 orcs (D:3)
  3 bats
  An endoplasm (D:1)
  A giant cockroach (D:1)
  7 goblins
  3 hobgoblins
  3 jackals (D:1)
  5 kobolds
  3 quokkas
  5 ball pythons
  2 frilled lizards
  2 rats (D:2)
40 creatures vanquished.

Notes
Turn   | Place    | Note
-------+----------+-------------------------------------------
     0 | D:1      | qw the Spriggan Hunter began the quest for the Orb.
     0 | D:1      | Reached XP level 1. HP: 10/10 MP: 2/2
     0 | D:1      | 0 ||| qw: Version: 0.3-a-160-g6735b56
     0 | D:1      | 0 ||| qw: Game counter: 5218
     0 | D:1      | 0 ||| qw: Melee chars always use a shield: true
     0 | D:1      | 0 ||| qw: God list: Okawaru
     0 | D:1      | 0 ||| qw: Allow faded altars: false
     0 | D:1      | 0 ||| qw: Do Orc after clearing Dungeon:15 true
     0 | D:1      | 0 ||| qw: Do second Lair branch before Depths: true
     0 | D:1      | 0 ||| qw: Lair rune preference: random
     0 | D:1      | 0 ||| qw: Goals: Normal
     0 | D:1      | 0 ||| PLANNING D:1-11
    39 | D:1      | Reached skill level 3 in Dodging
    92 | D:1      | Reached XP level 2. HP: 14/14 MP: 3/3
   176 | D:1      | Found Xaskiezu's Assorted Antiques.
   219 | D:1      | 219 ||| SHOPLISTING blackened platinum amulet (150 gold,
                  | have 5).
   219 | D:1      | 219 ||| SHOPLISTING cloak (135 gold, have 5).
   219 | D:1      | 219 ||| SHOPLISTING scroll labelled CUMOJO INAANK (30 gold,
                  | have 5).
   219 | D:1      | 219 ||| SHOPLISTING scroll labelled CYCRUD XUUSECUET (30
                  | gold, have 5).
   219 | D:1      | 219 ||| SHOPLISTING scroll labelled HOLLABRAZEG (30 gold,
                  | have 5).
   219 | D:1      | 219 ||| SHOPLISTING scroll labelled VIASER BOMIGGO (30
                  | gold, have 5).
   219 | D:1      | 219 ||| SHOPLISTING shiny silver wand (120 gold, have 5).
   900 | D:1      | 900 ||| READING scroll labelled CUMOJO INAANK.
   900 | D:1      | 900 ||| IDENTIFYING fuming sapphire potion
   901 | D:1      | 901 ||| READING scroll labelled PESCHE PIMUOTHRINIPP.
  1002 | D:1      | 1002 ||| DROPPING scroll of butterflies.
  1149 | D:2      | Found Qaifiym's Book Shoppe.
  1193 | D:2      | Reached XP level 3. HP: 18/18 MP: 4/4
  1289 | D:2      | 1289 ||| FLEEEEING.
  1290 | D:2      | 1290 ||| STAIRDANCE
  1297 | D:1      | 1297 ||| READING scroll labelled MOPHUIS CEYTT.
  1298 | D:1      | 1298 ||| READING scroll labelled HOLLABRAZEG.
  1822 | D:2      | Found a faded altar of an unknown god.
  2221 | D:3      | Noticed Grinder
  2231 | D:3      | HP: 4/18 [Grinder/nerve-wracking pain (2)]
  2232 | D:3      | 2232 ||| READING scroll of teleportation.
  2233 | D:3      | Paralysed by Grinder for 4 turns
  2591 | D:3      | Noticed Terence
  2595 | D:3      | HP: 2/18 [Terence/puff of flame (6)]
  2598 | D:3      | Killed from afar by Terence

Levels and vault maps discovered:
D:1:      scummos_arrival_gate, layout_basic, serial_shops,
          nicolae_shop_gibbet_a_chance
D:2:      layout_basic, shapermc_ecumenical_altar_petra, serial_shops,
          nicolae_diamond_shop, serial_bayou_lagoon_a,
          chequers_serial_rivers_small_3
D:3:      layout_loops_cross, chequers_big_river, uniq_grinder, uniq_terence

Skill      XL: |  1  2 |
---------------+-------+-----
Dodging        | 3 4 |  4.0
Fighting       | |  1.5
Ranged Weapons | |  4.8
Stealth        | |  1.5

Action                     || total
---------------------------++-------
   Fire: Shortbow          ||   115
    Use: Scroll            ||     5
 Armour: Robe              ||     9
  Dodge: Dodged            ||    27

Table legend:
 A = Non-vault XP
 B = Vault XP
 C = Vault XP percentage of total XP
 D = Non-vault monster count
 E = Vault monster count
 F = Vault count percentage of total count
                 A         B        C        D         E       F
            +---------+---------+-------+---------+---------+-------
      Total |      75 |       0 |   0.0 |      40 |       0 |   0.0
            +---------+---------+-------+---------+---------+-------
        D:1 |      34 |       0 |   0.0 |      19 |       0 |   0.0
        D:2 |      16 |       0 |   0.0 |      11 |       0 |   0.0
        D:3 |      25 |       0 |   0.0 |      10 |       0 |   0.0
            +---------+---------+-------+---------+---------+-------
